← All builds
Suicide front / Armada / Factory first / OBSERVED BUILD

Standard suicide front

Armada Suicide front build order · Supreme Isthmus

The role's baseline: Bot Lab at 0:21 then straight into reclaim-fed T1 bot production to contest the middle and hold until T2 arrives, with an Advanced Metal Extractor around 9:45.

#rush · 2007 distinct matches · 229 players · 72% of Armada Suicide front games · team won 59% of 2381 · Recently observed

HOW TO PLAY IT

Key timing: Bot Lab by 0:20

  1. Open with mex and lab-first to get Bot Lab up by 0:20.
  2. Expand mex and wind while lab pumps units toward middle.
  3. Push Sentry and early Rocketeer, Centurion to contest middle.
  4. Get T2 constructor out once Pond's boost lets you spare metal.
  5. Upgrade mex to Advanced Metal Extractor as you transition off T1 spam.

Phase by phase

TYPICAL OF ITS 2007 GAMES
  1. 1
  2. 2
  3. 3
PLAY THE OPENING

Follow the example game's first 6:00 step by step: what to build now, what comes next, and where it goes. At 1× it keeps pace with your own game.

  1. 1

    Bot Lab first

    Order
    1. Bot LabBot Lab done ~0:21, middle half 0:20–0:33

    Some games also: mex (44%)

  2. 2

    Bot Lab to 5:00

    Economy
    • Metal Extractor5Mex
    • Wind Turbine4Wind
    Builders
    • Construction Bot3 Con bot
    • Lazarus2 Lazarus
    Army
    • Sentry4 Sentry
    • Rocketeer16 Rocketeer
    • Tick2 Tick
    • Centurion1 Centurion
    Other
    • Radar Tower1 Radar Tower

    Some games also: pawn (38%) · con turret (34%)

    By 5:00 in all: 5 mex · 4 wind

    The example game in this phase · 22 steps
    1. Construction BotCon bot
    2. Wind
    3. LazarusLazarus
    4. Wind ×2
    5. PawnPawn ×3
    6. Mex
    7. PawnPawn
    8. Construction BotCon bot
    9. Mex
    10. CenturionCenturion
    11. SentrySentry
    12. CenturionCenturion
    13. SentrySentry
    14. Construction BotCon bot
    15. SentrySentry ×2
    16. RocketeerRocketeer ×2
    17. SentrySentry
    18. RocketeerRocketeer ×8
    19. SentrySentry
    20. RocketeerRocketeer ×5
    21. CenturionCenturion
    22. SentrySentry
  3. 3

    5:00 to 10:00

    Economy
    • Metal Extractor1Mex
    • Wind Turbine15Wind
    Builders
    • Construction Turret2 Con turret
    • Lazarus2 Lazarus
    • Construction Bot1 Con bot
    Army
    • Sentry1 Sentry
    • Rocketeer8 Rocketeer

    Some games also: pawn (49%) · Radar Tower (46%) · tick (45%) · centurion (44%) · energy storage (43%) · eat Bot Lab (31%)

    By 10:00 in all: 6 mex · 21 wind · 1 energy storage · 2 con turret

    The example game in this phase · 116 steps
    1. Con turret
    2. Construction BotCon bot
    3. Wind
    4. CenturionCenturion
    5. Radar TowerRadar Tower
    6. Wind
    7. BeamerBeamer
    8. CenturionCenturion
    9. Wind
    10. BeamerBeamer
    11. Wind
    12. RocketeerRocketeer
    13. Wind
    14. RocketeerRocketeer
    15. Radar TowerRadar Tower
    16. Wind
    17. RocketeerRocketeer
    18. Wind
    19. RocketeerRocketeer
    20. BeamerBeamer
    21. Construction BotCon bot
    22. Wind ×2
    23. RocketeerRocketeer ×2
    24. Wind
    25. RocketeerRocketeer
    26. Dragon's TeethDragon's Teeth ×2
    27. Wind
    28. Dragon's TeethDragon's Teeth
    29. RocketeerRocketeer
    30. Dragon's TeethDragon's Teeth
    31. Sneaky PeteSneaky Pete
    32. Dragon's TeethDragon's Teeth ×2
    33. Wind
    34. Construction BotCon bot
    35. Wind
    36. Energy storage
    37. Construction BotCon bot
    38. Wind ×3
    39. RocketeerRocketeer
    40. Wind ×2
    41. RocketeerRocketeer
    42. Wind ×5
    43. BeamerBeamer
    44. Wind
    45. LazarusLazarus
    46. Wind
    47. LazarusLazarus
    48. Wind
    49. LazarusLazarus
    50. Con turret
    51. Wind ×2
    52. PawnPawn
    53. Wind ×2
    54. Con turret
    55. PawnPawn
    56. BeamerBeamer
    57. Wind
    58. PawnPawn
    59. Wind ×3
    60. PawnPawn ×2
    61. Wind
    62. PawnPawn
    63. Wind
    64. Dragon's TeethDragon's Teeth
    65. PawnPawn
    66. Dragon's TeethDragon's Teeth ×2
    67. Wind
    68. Dragon's TeethDragon's Teeth
    69. PawnPawn
    70. Wind ×2
    71. Dragon's TeethDragon's Teeth ×3
    72. Converter
    73. Wind ×2
    74. Converter
    75. Wind ×2
    76. Converter
    77. Wind
    78. Converter
    79. Wind
    80. Converter
    81. Wind ×2
    82. Converter
    83. Wind ×2
    84. Converter ×2
    85. Wind ×2
    86. Converter
    87. Wind ×3
    88. BeamerBeamer
    89. Wind ×8
    90. Advanced Metal ExtractorT2 mexdone 12:36
    91. Wind ×2
    92. Con turret
    93. Wind ×3
    94. Con turret
    95. Wind
    96. Advanced Bot LabAdvanced Bot Labdone 13:30
    97. Wind ×7
    98. Advanced Metal ExtractorT2 mex
    99. Wind ×3
    100. Mex
    101. Wind ×6
    102. Advanced Metal ExtractorT2 mex
    103. SentrySentry ×2
    104. Wind ×3
    105. SentrySentry
    106. Advanced Metal ExtractorT2 mex
    107. Wind
    108. Mex
    109. Wind ×2
    110. SentrySentry ×2
    111. Wind ×2
    112. ButlerButler
    113. Wind
    114. ButlerButler ×3
    115. Wind ×2
    116. ButlerButler

Counts are medians over the build's games: half of them build more, half fewer. The example game is kellanvad's (33 OS, 13/08/2026); pick another.

Team trades

IN AT LEAST 30% OF ITS GAMES

You hand over

Nothing regular.

You get

  • Tidal Generator4 Tidal from Pondfirst at 0:10 · in 68% of games
  • Advanced Construction Bot1 T2 con bot from Geo or Techfirst at 7:41 · in 57% of games

How it plays out

Typical game of this build, running totals by minute

Metal produced

010k20k
0:005:0010:0015:00

metal

Enemy metal destroyed

05k10k
0:005:0010:0015:00

metal

Own metal lost

05k10k
0:005:0010:0015:00

metal

2381 games.

Show as table
ByMetal produced: This buildEnemy metal destroyed: This buildOwn metal lost: This build
1:0023000
2:0088700
3:002009184130
4:003110645502
5:00418513571001
6:00534921831713
7:00653930512597
8:00776039383502
9:00904546934382
10:001041853145176
11:001189258555965
12:001360364066686
13:001541268767439
14:001729875038212
15:001926981098997
WHAT THE NUMBERS SAY

Standard Suicide front play wins a bit over half its games while taking the heaviest own losses of any role by 15:00.

  • + Produces 20142 metal by 15:00, highest of the front roles.
  • + First kill by 2:01 in all games, fastest contest of middle.
  • − Own metal lost hits 9178 by 15:00, more than enemy metal destroyed.
  • − Only 34% Rocketeer share shows army spread thin across many bot types.
THE EXAMPLE YOU ARE READING

kellanvad

32.8 OS · 13/08/2026

Open source match ↗

14 received units · includes a constructor
162 metal received · 70608 energy received

Allied construction assistance is unknown. Timings are observations, not a promise of solo reproducibility.

Typical milestones

Bot Lab0:21Middle 50%: 0:20–0:33 · n=2373
Advanced Metal Extractor9:46Middle 50%: 8:50–10:58 · n=1721

Played most by

_X_262games of this buildPlatinumBlonde188games of this buildXad166games of this buildTrapCaT107games of this buildImmort80games of this build